 Dungeon Crawl Stone Soup version 0.18-a0-1577-gf591c28 (webtiles) character file.

941 Ijustatesigmund the Skirmisher (level 8, -1/85 HPs)
             Began as an Octopode Transmuter on Mar 17, 2016.
             Slain by a howler monkey (3 damage)
             ... on level 6 of the Dungeon.
             The game lasted 00:15:50 (4840 turns).

Ijustatesigmund the Skirmisher (OpTm)               Turns: 4840, Time: 00:15:51

Health: -1/85      AC:  1    Str: 14    XL:     8   Next: 12%
Magic:  6/11       EV: 12    Int: 18    God:
Gold:   358        SH:  0    Dex: 12    Spells: 3 memorised, 5 levels left

rFire  . . .     SeeInvis +       - Unarmed
rCold  . . .     Gourm    .     (no shield)
rNeg   . . .     Faith    .     (helmet restricted)
rPois  .         Spirit   .     (no amulet)
rElec  .         Dismiss  .     h - +1 ring of slaying
rCorr  .         Reflect  .     k - +1 ring of slaying
SustAt .         Harm     .     (no ring)
MR     .....                    i - ring of see invisible
Stlth  ..........               (no ring)
                                (no ring)
                                (no ring)
                                (no ring)

@: berserking (expiring), very quick, not resistant to hostile enchantments,
extremely unstealthy
A: almost no armour, amphibious, 8 rings, constrict 8, camouflage 1, gelatinous
body 1
a: no special abilities


You were on level 6 of the Dungeon.
You were hungry.

You visited 1 branch of the dungeon, and saw 6 of its levels.

You collected 358 gold pieces.

Inventory:

Missiles
 a - 11 arrows
Jewellery
 h - a +1 ring of slaying (left tentacle)
 i - a ring of see invisible (on tentacle)
 k - a +1 ring of slaying (right tentacle)
Scrolls
 l - a scroll of remove curse
 n - a scroll of identify
Potions
 d - a potion of curing
 g - a potion of agility
 j - a potion of lignification
 p - a potion of mutation
Books
 b - a book of Changes

   Spells                             Type                      Level
   a - Beastly Appendage              Transmutation                1
   b - Sticks to Snakes               Transmutation                2
   c - Spider Form                    Transmutation/Poison         3
   d - Ice Form                       Ice/Transmutation            4
   e - Blade Hands                    Transmutation                5
Comestibles
 c - 6 bread rations
 f - 5 meat rations


   Skills:
 + Level 5.7 Fighting
 - Level 2.0 Dodging
 + Level 5.7 Unarmed Combat
 - Level 2.0 Spellcasting
 + Level 4.3 Transmutations
 - Level 3.4 Poison Magic


You had 5 spell levels left.
You knew the following spells:

 Your Spells              Type           Power        Failure   Level  Hunger
a - Beastly Appendage     Trmt           ###...       3%          1    #......
b - Sticks to Snakes      Trmt           ###.....     6%          2    ###....
c - Spider Form           Trmt/Pois      ###.......   14%         3    ###....


Dungeon Overview and Level Annotations

Branches:
Dungeon (6/15)
 Temple: D:4-7

Altars:
Nemelex Xobeh
Okawaru

Annotations:
D:5 Dowan, Duvessa


Innate Abilities, Weirdness & Mutations

You cannot wear most types of armour.
You are amphibious.
You can wear up to eight rings at the same time.
You can use your tentacles to constrict eight enemies at once.
Your skin changes colour to match your surroundings (Stealth).
Your rubbery body absorbs attacks (AC +1).


Message History

You are too berserk!
Sigmund hits you with a scythe.
* * * LOW HITPOINT WARNING * * *
The howler monkey hoots and howls with incredible vigour!
You hear a shout!
Things that are here:
an uncursed shortbow; 17 arrows You bludgeon Sigmund!
You grab Sigmund.
Sigmund is heavily wounded.
You constrict Sigmund. You tentacle-slap Sigmund.
Sigmund is heavily wounded.
You constrict Sigmund. Sigmund hits you with a scythe!
* * * LOW HITPOINT WARNING * * *
You tentacle-slap Sigmund. You tentacle-slap Sigmund!
You kill Sigmund!
Your Transmutations skill increases to level 4!
You have reached level 8!
The howler monkey hits you.
You die...

#. #. #. #. #.
#.
#)#######.#.##
#)@h.()).....)
#########.....
... #


You could see a howler monkey.

Vanquished Creatures
  Sigmund (D:6)
  An ice beast (D:5)
  A centaur (D:6)
  A giant frog (D:6)
  A scorpion (D:5)
  A howler monkey (D:5)
  A crimson imp (D:5)
  2 orc priests
  A giant frog zombie (D:5)
  3 hounds (D:4)
  A centaur skeleton (D:4)
  An iguana (D:4)
  2 worker ants (D:5)
  3 adders
  A shadow imp (D:5)
  A worm (D:3)
  A dart slug (D:1)
  A giant gecko (D:2)
  7 orcs
  A ball python (D:2)
  4 giant cockroaches
  6 goblins
  8 hobgoblins
  7 jackals
  4 kobolds
  3 quokkas
  4 bats (D:1)
  7 giant newts
  2 rats
77 creatures vanquished.

Vanquished Creatures (collateral kills)
  An ogre (D:4)
  A worm (D:3)
  2 orcs (D:4)
  A ball python (D:5)
5 creatures vanquished.

Vanquished Creatures (others)
  3 orcs (D:6)
3 creatures vanquished.

Grand Total: 85 creatures vanquished

Notes
Turn   | Place    | Note
--------------------------------------------------------------
     0 | D:1      | Ijustatesigmund the Octopode Transmuter began the quest for the Orb.
     0 | D:1      | Reached XP level 1. HP: 13/13 MP: 3/3
    27 | D:1      | Reached XP level 2. HP: 8/19 MP: 5/5
   693 | D:1      | Found a sparkling altar of Nemelex Xobeh.
   796 | D:1      | Reached XP level 3. HP: 22/25 MP: 6/6
  1326 | D:1      | Learned a level 2 spell: Sticks to Snakes
  1330 | D:1      | Learned a level 3 spell: Spider Form
  1366 | D:2      | Found a faded altar to an unknown god.
  2164 | D:3      | Reached skill level 1 in Poison Magic
  2164 | D:3      | Reached XP level 4. HP: 27/31 MP: 5/7
  2832 | D:4      | Noticed an ogre
  2834 | D:4      | Reached XP level 5. HP: 31/37 MP: 6/8
  2849 | D:5      | Entered Level 5 of the Dungeon
  2849 | D:5      | Noticed Duvessa
  2849 | D:5      | Noticed Dowan
  2854 | D:5      | Found an iron altar of Okawaru.
  2855 | D:5      | Noticed an ice beast
  2866 | D:5      | Killed an ice beast
  2866 | D:5      | Reached XP level 6. HP: 15/43 MP: 2/9
  4088 | D:5      | Reached XP level 7. HP: 41/49 MP: 3/10
  4460 | D:5      | Reached skill level 5 in Fighting
  4777 | D:5      | Reached skill level 5 in Unarmed Combat
  4828 | D:6      | Noticed Sigmund
  4839 | D:6      | HP: 2/75 [Sigmund/scythe (8)]
  4840 | D:6      | Killed Sigmund
  4840 | D:6      | Reached XP level 8. HP: 2/57 MP: 6/11
  4840 | D:6      | Slain by a howler monkey

Vault maps used:
D:1:      minmay_arrival_split_and_join, nemelex_diamond_rough_becter
D:2:      ecumenical_altar_2, corexii_leaking_fountain
D:5:      okawaru_ov_weapons_minmay, temple_hall, first_bread,
          nicolae_ru_path_of_blood, uniq_duvessa
D:6:      nicolae_tso_carved_into_rock, uniq_sigmund, uniq_eustachio,
          uniq_edmund

Skill      XL: |  1  2  3  4  5  6  7 |
---------------+----------------------+-----
Fighting       | 2 3 4 5 |  5.7
Poison Magic   | 1 2 3 |  3.4
Unarmed Combat | 4 5 |  5.7
Transmutations | 4 |  4.3
Dodging        | |  2.0
Spellcasting   | |  2.0

Action                   |  1- 3 |  4- 6 |  7- 9 || total
-------------------------+-------+-------+-------++-------
Melee: Unarmed           |    85 |    57 |    44 ||   186
 Cast: Beastly Appendage |    10 |    13 |     8 ||    31
       Sticks to Snakes  |     2 |    19 |     1 ||    22
       Spider Form       |       |       |     2 ||     2
  Use: Scroll            |     8 |     9 |       ||    17
       Potion            |       |     1 |     2 ||     3
 Stab: Sleeping          |     5 |       |       ||     5
       Distracted        |     1 |       |       ||     1
  Eat: Chunk             |     4 |     7 |     3 ||    14
       Pizza             |       |     1 |       ||     1
